 Dungeon Crawl Stone Soup version 0.19.4-9-g45fd643 (webtiles) character file.

271 empire the Skirmisher (level 6, -3/53 HPs)
             Began as a Draconian Monk on Feb 17, 2017.
             Killed by divine providence
             ... invoked by an orc priest
              (16 damage)
             ... on level 4 of the Dungeon.
             The game lasted 00:05:29 (3566 turns).

empire the Skirmisher (Draconian Monk)              Turns: 3566, Time: 00:05:30

Health: -3/53      AC:  7    Str: 14    XL:     6   Next: 2%
Magic:  6/6        EV: 14    Int: 10    God:
Gold:   139        SH:  0    Dex: 15    Spells: 0 memorised, 5 levels left

rFire  . . .     SeeInvis .     b - +1 dagger (drain)
rCold  . . .     Gourm    .     (armour unavailable)
rNeg   . . .     Faith    .     (no shield)
rPois  .         Spirit   .     (helmet restricted)
rElec  .         Reflect  .     (no cloak)
rCorr  .         Harm     .     (no gloves)
MR     .....                    e - +0 pair of boots
Stlth  ++........               (no amulet)
                                (no ring)
                                (no ring)

@: no status effects
A: unfitting armour, cold-blooded, AC +6
a: no special abilities


You were on level 4 of the Dungeon.
You were hungry.

You visited 1 branch of the dungeon, and saw 4 of its levels.

You collected 139 gold pieces.

Inventory:

Hand Weapons
 a - a +0 short sword
 b - a +1 dagger of draining (weapon)
 m - a +0 rapier
 t - a +0 spear of flaming
 u - a +1 whip of holy wrath
 w - a +0 vampiric dagger
Armour
 e - a +0 pair of boots (worn)
Scrolls
 d - 2 scrolls of teleportation
 h - a scroll of identify {unknown}
 j - 2 scrolls of remove curse {unknown}
 l - a scroll of blinking {unknown}
 q - a scroll of noise {unknown}
 r - a scroll of fear {unknown}
 s - 3 scrolls of fog {unknown}
Potions
 c - a potion of haste {unknown}
 o - a potion of curing
 p - a potion of heal wounds {unknown}
Comestibles
 f - 2 fruits
 g - 3 meat rations
 i - a slice of pizza
 k - 3 bread rations
 n - a beef jerky
 v - 2 chunks of flesh


   Skills:
 + Level 4.5 Fighting
 + Level 4.2 Short Blades
 + Level 3.7 Dodging
 + Level 3.6 Stealth


You had 5 spell levels left.
You didn't know any spells.

Dungeon Overview and Level Annotations

Branches:
Dungeon (4/15)
 Temple: D:4-7

Altars:
Okawaru


Innate Abilities, Weirdness & Mutations

Your plain brown scales are hard. (AC +6)
You cannot fit into any form of body armour.
You are cold-blooded and may be slowed by cold attacks.


Message History

The orc priest is heavily wounded.
The orc priest calls down the wrath of Beogh upon you.
Beogh smites you!
* * * LOW HITPOINT WARNING * * *
You feel better. The orc priest closely misses you.
You hit the orc priest but do no damage.
The orc priest is heavily wounded.
You hit the orc priest but do no damage.
You drain the orc priest! You tail-slap the orc priest.
The orc priest is almost dead.
The orc priest completely misses you.
You barely miss the orc priest.
The orc priest is almost dead.
The orc priest hits you with an enchanted trident.
* * * LOW HITPOINT WARNING * * *
You hit the orc priest.
The orc priest is almost dead.
The orc priest invokes the aid of Beogh against you.
Beogh smites you!
You die...

# .# .#
#.###########.#####
#..o@†.............
......)######.........
....... #.........
....... #'###.####
....... ##.## #
....... ##...##
####### ##....†##
#(..♣...+ ###...###


You could see an orc priest.

Vanquished Creatures
  A scorpion (D:4)
  An iguana (D:3)
  6 gnolls
  5 adders
  An ooze (D:3)
  A worm (D:2)
  4 dart slugs
  2 leopard geckos (D:1)
  4 orcs (D:4)
  3 giant cockroaches
  6 hobgoblins
  10 jackals
  3 quokkas
  2 ball pythons
  4 bats
  3 frilled lizards (D:2)
  9 goblins
  5 kobolds
  10 rats
80 creatures vanquished.

Notes
Turn   | Place    | Note
-------+----------+-------------------------------------------
     0 | D:1      | empire the Draconian Monk began the quest for the Orb.
     0 | D:1      | Reached XP level 1. HP: 19/19 MP: 1/1
   172 | D:1      | Reached XP level 2. HP: 26/26 MP: 2/2
   978 | D:1      | Reached XP level 3. HP: 4/33 MP: 3/3
  1402 | D:2      | Reached XP level 4. HP: 36/40 MP: 4/4
  1725 | D:2      | Found an iron altar of Okawaru.
  2356 | D:3      | Reached XP level 5. HP: 21/46 MP: 5/5
  3545 | D:4      | Reached XP level 6. HP: 43/53 MP: 6/6
  3561 | D:4      | HP: 2/53 [orc priest/divine providence (11)]
  3566 | D:4      | Killed from afar by an orc priest

Skill      XL: |  1  2  3  4  5 |
---------------+----------------+-----
Stealth        | 2 3 |  3.6
Dodging        | 3 |  3.7
Fighting       | 4 |  4.5
Short Blades   | 4 |  4.2

Action                   |  1- 3 |  4- 6 || total
-------------------------+-------+-------++-------
Melee: Short sword       |   104 |       ||   104
       Tailslap          |     9 |    23 ||    32
       Dagger            |       |   203 ||   203
  Use: Scroll            |       |     1 ||     1
       Potion            |       |     2 ||     2
 Stab: Sleeping          |     2 |     6 ||     8
       Distracted        |     1 |     1 ||     2
  Eat: Chunk             |     2 |     6 ||     8
Armor: Skin              |    22 |    43 ||    65
Dodge: Dodged            |    67 |   152 ||   219
